[Event "Titled Tuesday Blitz April 25 Early 2023"]
[White "Prudnykova, Olga"]
[Black "Reprintsev, Alexander"]
[WhiteFideId "14121093"]
[BlackFideId "14100541"]
[WhiteElo "2113"]
[BlackElo "2211"]
[Result "0-1"]
[Round "05"]
[TimeControl "180+2"]
[Date "2023.04.25"]
[WhiteClock "0:00:15"]
[BlackClock "0:00:05"]

1. e4 d5 2. exd5 Qxd5 3. Nc3 Qa5 4. Bc4 Nf6 5. Nge2 Bf5 6. O-O Nc6 7. d3 e6 8. Bd2 Qc5 9. Ng3 Bg6 10. Be3 Qd6 11. Bb3 a6 12. Nce2 h5 13. Nf4 Ne7 14. Nxg6 Nxg6 15. Ne4 Qc6 16. Qf3 O-O-O 17. Ng5 Qxf3 18. Nxf3 Nd5 19. Bd2 Be7 20. c3 c5 21. Rad1 Bf6 22. Bc1 Rd7 23. d4 cxd4 24. Nxd4 Rhd8 25. Nf3 Ndf4 26. Rxd7 Ne2+ 27. Kh1 Rxd7 28. Be3 Nef4 29. g3 Nd3 30. Rb1 Ne7 31. Kg2 Nf5 32. Bg5 Bxg5 33. Nxg5 Kc7 34. Bc2 Nc5 35. Rd1 Rxd1 36. Bxd1 f6 37. Nf3 Nd3 38. b3 g5 39. Kf1 g4 40. Nd2 Kd6 41. Bc2 Nc1 42. a4 Na2 43. Ne4+ Ke5 44. Bb1 Nc1 45. Nc5 b6 46. Nd7+ Kd6 47. Nxb6 Nxb3 48. Ke2 Ne7 49. Bc2 Na5 50. Kd3 f5 51. Nc4+ Nxc4 52. Kxc4 Kc6 53. Kd4 Kd6 54. Bd3 Nc6+ 55. Ke3 a5 56. Bb5 Ne5 57. Be2 Kc5 58. Kf4 Nf7 59. Bf1 Kd5 60. Be2 Nd6 61. f3 Nc4 62. fxg4 hxg4 63. Bf1 Nb2 64. Bb5 Nd1 65. c4+ Kd6 66. Kg5 Nc3 67. Kf4 Na2 68. Ke3 Nb4 69. Kd4 e5+ 70. Ke3 Nc6 71. Kf2 Ne7 72. Kg1 Kc5 73. Kg2 Ng6 74. h3 gxh3+ 75. Kxh3 Kd4 76. g4 f4 77. g5 e4 78. Kg4 f3 79. Kg3 Ke3 80. Be8 f2 81. Kg2 Ke2 82. Bxg6 f1=Q+ 83. Kg3 Qf3+ 0-1


[Site "https://www.chess.com"]

[Event "Titled Tuesday Blitz April 25 Early 2023"]
[White "Vestby-Ellingsen, Mads"]
[Black "Chabris, Christopher"]
[WhiteFideId "1520857"]
[BlackFideId "2005263"]
[WhiteElo "2246"]
[BlackElo "2322"]
[Result "1-0"]
[Round "05"]
[TimeControl "180+2"]
[Date "2023.04.25"]
[WhiteClock "0:00:50"]
[BlackClock "0:00:25"]

1. d4 Nf6 2. Bg5 e6 3. e4 h6 4. Bxf6 Qxf6 5. c3 d6 6. Bd3 Nd7 7. Ne2 g6 8. O-O Bg7 9. f4 Qe7 10. Nd2 c5 11. e5 d5 12. Kh1 Nb8 13. a3 Nc6 14. b4 cxd4 15. cxd4 Bd7 16. Nb3 h5 17. Rc1 O-O 18. b5 Nd8 19. Rc7 Rc8 20. Qc2 Rxc7 21. Qxc7 Qxa3 22. Rb1 Be8 23. h3 Qa2 24. Qc1 Qa3 25. Qxa3 1-0


[Site "https://www.chess.com"]

[Event "Titled Tuesday Blitz April 25 Early 2023"]
[White "Camacho Collados, Jose"]
[Black "Rodriguez Santiago, Jaime"]
[WhiteFideId "2265427"]
[BlackFideId "3100898"]
[WhiteElo "2198"]
[BlackElo "2025"]
[Result "1-0"]
[Round "05"]
[TimeControl "180+2"]
[Date "2023.04.25"]
[WhiteClock "0:02:06"]
[BlackClock "0:01:21"]

1. Nf3 Nf6 2. d4 e6 3. Bg5 d5 4. e3 c6 5. Bd3 Qa5+ 6. Nbd2 Nbd7 7. O-O h6 8. Bh4 Bd6 9. e4 dxe4 10. Nxe4 Nxe4 11. Bxe4 O-O 12. c4 Qh5 13. Bc2 b6 14. Qd3 g6 15. Rae1 Bb7 16. h3 Qa5 17. Rxe6 Bf4 18. Rxg6+ 1-0


[Site "https://www.chess.com"]

[Event "Titled Tuesday Blitz April 25 Early 2023"]
[White "Postnikov, Daniil"]
[Black "Ardila, Oscar Humberto"]
[WhiteFideId "4166329"]
[BlackFideId "4404742"]
[WhiteElo "2261"]
[BlackElo "1918"]
[Result "1-0"]
[Round "05"]
[TimeControl "180+2"]
[Date "2023.04.25"]
[WhiteClock "0:01:18"]
[BlackClock "0:00:15"]

1. e4 e5 2. f4 d5 3. exd5 e4 4. Nc3 Nf6 5. d4 Bb4 6. a3 Bxc3+ 7. bxc3 Qxd5 8. c4 Qd6 9. Ne2 O-O 10. h3 Nc6 11. Be3 Nh5 12. g4 Nf6 13. Bg2 Re8 14. Nc3 h6 15. O-O Na5 16. Qe2 Be6 17. d5 Bd7 18. c5 Qf8 19. Rad1 Rad8 20. Bd4 e3 21. Bxf6 gxf6 22. Ne4 Rxe4 23. Bxe4 Qxc5 24. Rf3 Nc4 25. Bd3 Nb2 26. Re1 Re8 27. Kg2 Qxd5 28. Kg3 Bc6 29. Rxe3 Rxe3+ 30. Qxe3 Qg2+ 31. Kh4 Kg7 32. g5 hxg5+ 33. fxg5 fxg5+ 34. Qxg5+ Qxg5+ 35. Kxg5 f6+ 36. Kf4 Na4 37. Re7+ Kh6 38. Rh7# 1-0


[Site "https://www.chess.com"]

[Event "Titled Tuesday Blitz April 25 Early 2023"]
[White "sebastianmarinp"]
[Black "Rodchenkov, Sergey D."]
[BlackFideId "4168712"]
[WhiteElo "2315"]
[BlackElo "2277"]
[Result "0-1"]
[Round "05"]
[TimeControl "180+2"]
[Date "2023.04.25"]
[WhiteClock "0:00:05"]
[BlackClock "0:01:14"]

1. e4 c5 2. Nf3 d6 3. d4 cxd4 4. Nxd4 Nf6 5. Nc3 a6 6. Be2 g6 7. O-O Bg7 8. Nb3 O-O 9. Bg5 Nbd7 10. Kh1 h6 11. Be3 b5 12. f4 Bb7 13. Bf3 Rb8 14. a3 Qc7 15. Qd2 Rbc8 16. Rae1 Kh7 17. Bd4 e5 18. Be3 exf4 19. Bxf4 Ne5 20. Re2 Rfd8 21. Nd4 Nc4 22. Qc1 Ba8 23. Nd1 Ne5 24. c3 Nxf3 25. gxf3 Nh5 26. Bg3 Bxd4 0-1


[Site "https://www.chess.com"]

[Event "Titled Tuesday Blitz April 25 Early 2023"]
[White "Shvedova, Alexandra"]
[Black "Bekkedahl, Zachary"]
[WhiteFideId "54154782"]
[BlackFideId "2069156"]
[WhiteElo "2057"]
[BlackElo "1943"]
[Result "1-0"]
[Round "05"]
[TimeControl "180+2"]
[Date "2023.04.25"]
[WhiteClock "0:00:57"]
[BlackClock "0:00:41"]

1. d4 Nf6 2. c4 g6 3. Nc3 Bg7 4. e4 O-O 5. h3 d6 6. Be3 e5 7. d5 a5 8. Nf3 Na6 9. Bd3 Nc5 10. Bc2 b6 11. Qd2 Ba6 12. b3 Re8 13. Bh6 Bh8 14. O-O-O Rb8 15. h4 b5 16. cxb5 Bxb5 17. h5 Qd7 18. hxg6 fxg6 19. Be3 a4 20. b4 Na6 21. a3 c6 22. dxc6 Qxc6 23. Nxb5 Rxb5 24. Qxd6 Qc3 25. Qd3 Qa1+ 26. Kd2 Qa2 27. Qxb5 Nxe4+ 28. Ke1 Nc7 29. Qc6 Qxa3 30. Qxc7 Qxb4+ 31. Bd2 Nxd2 32. Qxh7+ Kf8 33. Qxh8+ Kf7 34. Ng5+ Ke7 35. Rh7+ Kd8 36. Rxd2+ 1-0


[Site "https://www.chess.com"]

[Event "Titled Tuesday Blitz April 25 Early 2023"]
[White "Stanisz, Patryk"]
[Black "Pauly, Carlo"]
[WhiteFideId "1123106"]
[BlackFideId "24673269"]
[WhiteElo "2069"]
[BlackElo "2254"]
[Result "0-1"]
[Round "05"]
[TimeControl "180+2"]
[Date "2023.04.25"]
[WhiteClock "0:00:06"]
[BlackClock "0:00:08"]

1. d4 Nf6 2. c4 g6 3. Nc3 Bg7 4. e4 d6 5. Be2 O-O 6. g4 c5 7. d5 e6 8. g5 Ne8 9. h4 exd5 10. cxd5 a6 11. a4 f5 12. Nf3 fxe4 13. Nxe4 Bg4 14. Nc3 Nd7 15. Be3 Nc7 16. Nd2 Bxe2 17. Qxe2 b5 18. axb5 axb5 19. O-O b4 20. Nce4 Nxd5 21. Nxd6 Rxa1 22. Rxa1 Ne5 23. N6c4 Nxe3 24. Qxe3 Qd5 25. Nxe5 Bxe5 26. Ne4 Bd4 27. Qe2 c4 28. Rd1 Kg7 29. Kf1 Rf4 30. Nf6 Qh1# 0-1


[Site "https://www.chess.com"]

[Event "Titled Tuesday Blitz April 25 Early 2023"]
[White "Bilan, Danila"]
[Black "Sailer, Mike"]
[WhiteFideId "24161918"]
[BlackFideId "2012901"]
[WhiteElo "2182"]
[BlackElo "2109"]
[Result "1-0"]
[Round "05"]
[TimeControl "180+2"]
[Date "2023.04.25"]
[WhiteClock "0:00:06"]
[BlackClock "0:00:02"]

1. d4 d5 2. Nf3 Bf5 3. c4 e6 4. Nc3 Nc6 5. Bf4 Nf6 6. e3 Bb4 7. Qb3 a5 8. a3 a4 9. Qa2 Bxc3+ 10. bxc3 O-O 11. Be2 Ne4 12. Rc1 Na5 13. cxd5 exd5 14. Bd1 Nc4 15. Ne5 Nxe5 16. Bxe5 b5 17. O-O Ra6 18. Be2 Qd7 19. Qb2 Rb6 20. f3 Nd6 21. Qb4 Rfb8 22. Qc5 f6 23. Bf4 Ne8 24. g3 Rc6 25. Qb4 Re6 26. g4 Bg6 27. Rfe1 Rb7 28. Qc5 c6 29. Bf1 h6 30. Bg2 Kh7 31. h3 Bd3 32. e4 dxe4 33. fxe4 Bc4 34. Qf5+ Kg8 35. Qc5 Re7 36. e5 fxe5 37. Bxe5 Rf7 38. Bxc6 Qe6 39. Bxb7 Rxb7 40. Bg3 Rf7 41. Rxe6 1-0


[Site "https://www.chess.com"]

[Event "Titled Tuesday Blitz April 25 Early 2023"]
[White "Albornoz Cabrera, Carlos Daniel"]
[Black "Melikhov, Evgeny V."]
[WhiteFideId "3518736"]
[BlackFideId "4122046"]
[WhiteElo "2516"]
[BlackElo "2158"]
[Result "1-0"]
[Round "05"]
[TimeControl "180+2"]
[Date "2023.04.25"]
[WhiteClock "0:01:45"]
[BlackClock "0:00:08"]

1. e4 e5 2. Nf3 Nc6 3. Bc4 Nf6 4. d3 Be7 5. c3 O-O 6. O-O d5 7. exd5 Nxd5 8. Re1 Nb6 9. Bb5 f6 10. d4 exd4 11. cxd4 a6 12. Bd3 Bg4 13. Be3 Bh5 14. Nc3 Nb4 15. Bf5 N4d5 16. Bd2 Bg6 17. Be6+ Bf7 18. Bxf7+ Rxf7 19. Qb3 Nxc3 20. bxc3 Qd5 21. Qxd5 Nxd5 22. c4 Nb4 23. Rxe7 Rxe7 24. Bxb4 Re2 25. Kf1 Rc2 26. c5 c6 27. Bd2 Rb2 28. Ke2 b5 29. cxb6 Rxb6 30. Kd3 Kf7 31. Rc1 Rc8 32. Rc5 Rb5 33. Rc1 c5 34. Be3 cxd4 35. Rxc8 dxe3 36. fxe3 Rb2 37. Rc7+ 1-0


[Site "https://www.chess.com"]

[Event "Titled Tuesday Blitz April 25 Early 2023"]
[White "Gonzalez Zamora, Juan Carlos"]
[Black "Maevsky, Nikolay"]
[WhiteFideId "3507548"]
[BlackFideId "4198220"]
[WhiteElo "2535"]
[BlackElo "2021"]
[Result "0-1"]
[Round "05"]
[TimeControl "180+2"]
[Date "2023.04.25"]
[WhiteClock "0:00:02"]
[BlackClock "0:00:10"]

1. e4 d6 2. d4 Nf6 3. Nc3 Nbd7 4. Nf3 e5 5. Bc4 Be7 6. O-O c6 7. a4 h6 8. Re1 a5 9. b3 Qc7 10. Bb2 Nf8 11. d5 Ng6 12. Nd2 Nf4 13. Nf1 O-O 14. Bc1 Ng6 15. Ng3 Nh7 16. Qh5 Nf6 17. Qe2 Bg4 18. f3 Bd7 19. dxc6 bxc6 20. Kh1 Qb7 21. Bd3 Rfe8 22. Qf2 Bd8 23. Ba3 Bb6 24. Qd2 Bc7 25. Bc4 Rad8 26. Rad1 Bc8 27. Qf2 Bb6 28. Qd2 Bc7 29. Qf2 Nf4 30. Nge2 d5 31. exd5 cxd5 32. Bb5 Nxe2 33. Qxe2 Re6 34. Qf1 Bb8 35. Nb1 Qc7 36. c4 e4 37. f4 d4 38. Bb2 Ba7 39. Nd2 Bb7 40. c5 Bxc5 41. Bc4 Ree8 42. Nb1 Ng4 43. Rc1 Qd6 44. Nd2 Ne3 45. Qe2 d3 46. Qh5 Nxc4 47. Nxc4 Qf8 48. Ne5 d2 49. Rcd1 dxe1=R+ 50. Rxe1 e3 51. Ng4 Re6 52. f5 Rd5 53. Qh3 Rb6 54. f6 Bd4 55. fxg7 Qxg7 56. Bxd4 Rxd4 57. Nxe3 Re6 58. Nf5 Rxe1# 0-1


[Site "https://www.chess.com"]

[Event "Titled Tuesday Blitz April 25 Early 2023"]
[White "Vivas Zamora, Fabian Ernesto"]
[Black "Nouri, Alekhine"]
[WhiteFideId "3902480"]
[BlackFideId "5216184"]
[WhiteElo "2262"]
[BlackElo "2151"]
[Result "1-0"]
[Round "05"]
[TimeControl "180+2"]
[Date "2023.04.25"]
[WhiteClock "0:00:02"]
[BlackClock "0:00:11"]

1. e4 c5 2. Nf3 d6 3. d4 cxd4 4. Nxd4 Nf6 5. Nc3 a6 6. Be3 e5 7. Nb3 Be7 8. f3 h5 9. Be2 Be6 10. Nd5 Nxd5 11. exd5 Bf5 12. Qd2 Nd7 13. Na5 Qc7 14. c4 O-O 15. Rc1 Rac8 16. O-O Bg6 17. b4 f5 18. c5 f4 19. Bf2 dxc5 20. d6 Bxd6 21. Rfd1 Rf6 22. Bh4 Rcf8 23. Bxf6 Rxf6 24. Qd5+ Bf7 25. Qxb7 Qd8 26. bxc5 Qxa5 27. cxd6 Be6 28. Rc8+ Kh7 29. Bd3+ g6 30. Rc7 Rf7 31. Qxa6 Qb4 32. Bc4 Nc5 33. Bxe6 Nxa6 34. Rxf7+ Kh6 35. d7 Qb6+ 36. Kh1 Qd8 37. Re7 Nc7 38. Bf7 Qxe7 39. d8=Q Qxf7 40. Qh8+ Kg5 41. Qxe5+ Kh4 42. g3+ Kh3 43. Qe2 1-0


[Site "https://www.chess.com"]

[Event "Titled Tuesday Blitz April 25 Early 2023"]
[White "Chernobay, Artem"]
[Black "Omariev, Maksim"]
[WhiteFideId "4167406"]
[BlackFideId "4193423"]
[WhiteElo "2474"]
[BlackElo "2422"]
[Result "1-0"]
[Round "05"]
[TimeControl "180+2"]
[Date "2023.04.25"]
[WhiteClock "0:01:50"]
[BlackClock "0:01:32"]

1. e4 c5 2. Nf3 d6 3. d4 cxd4 4. Nxd4 Nf6 5. Nc3 a6 6. Bg5 Nbd7 7. f4 h6 8. Bxf6 Nxf6 9. e5 dxe5 10. fxe5 Nd5 11. e6 Nxc3 12. exf7+ Kxf7 13. Qf3+ Kg8 14. Bc4+ Kh7 15. bxc3 e5 16. Bd3+ Kg8 17. O-O Qc7 1-0


[Site "https://www.chess.com"]

[Event "Titled Tuesday Blitz April 25 Early 2023"]
[White "Schnaider, Ilan"]
[Black "Orujov2008"]
[WhiteFideId "169013"]
[WhiteElo "2224"]
[BlackElo "2408"]
[Result "1-0"]
[Round "05"]
[TimeControl "180+2"]
[Date "2023.04.25"]
[WhiteClock "0:00:06"]
[BlackClock "0:00:02"]

1. e4 e5 2. Nf3 Nf6 3. d4 Nxe4 4. Bd3 d5 5. Nxe5 Nd7 6. Nc3 Nxc3 7. bxc3 Nxe5 8. dxe5 Be7 9. O-O O-O 10. f4 c5 11. f5 Bg5 12. f6 Bxc1 13. Rxc1 g6 14. Qd2 Kh8 15. Qh6 Rg8 16. Rf4 Qf8 17. Qg5 h6 18. Rh4 Kh7 19. c4 Be6 20. Rf1 dxc4 21. Rff4 Rh8 22. Be4 Rd8 23. Rxh6+ Qxh6 24. Rh4 Qxh4 25. Qxh4+ Kg8 26. Qg5 Kh7 27. h4 Rd1+ 28. Kf2 Rd4 29. Ke3 Rxe4+ 30. Kxe4 Bf5+ 31. Ke3 Re8 32. Kf4 Rd8 33. h5 Rd4+ 34. Ke3 Re4+ 35. Kd2 Rd4+ 36. Kc3 Re4 37. hxg6+ Bxg6 38. e6 Rxe6 39. Qh4+ Kg8 40. g4 Re3+ 41. Kxc4 Re4+ 42. Kxc5 Re5+ 43. Kd6 Re6+ 44. Kc7 Rc6+ 45. Kxb7 Rxc2 46. g5 Rb2+ 47. Ka8 Rxa2 48. Qh6 Be4+ 49. Kb8 Rb2+ 50. Kc7 Rb7+ 51. Kd6 Rb6+ 52. Ke5 Re6+ 53. Kf4 1-0


[Site "https://www.chess.com"]

[Event "Titled Tuesday Blitz April 25 Early 2023"]
[White "Bas Mas, Jose Joaquin"]
[Black "Shevtchenko, Olesya"]
[WhiteFideId "22219064"]
[BlackFideId "24131890"]
[WhiteElo "2233"]
[BlackElo "2003"]
[Result "1/2-1/2"]
[Round "05"]
[TimeControl "180+2"]
[Date "2023.04.25"]
[WhiteClock "0:00:14"]
[BlackClock "0:00:31"]

1. e4 c6 2. d4 d5 3. f3 e6 4. Nc3 b5 5. a3 b4 6. axb4 Bxb4 7. Nh3 Nf6 8. e5 Nfd7 9. f4 c5 10. Bd2 cxd4 11. Nb5 Bc5 12. b4 Be7 13. Bd3 Nc6 14. Nd6+ Bxd6 15. exd6 Nf6 16. b5 Nb8 17. O-O Qxd6 18. Qe1 Nbd7 19. Ng5 h6 20. Nf3 Qb6 21. Ba5 Qb7 22. f5 Nc5 23. fxe6 Bxe6 24. Nxd4 Nxd3 25. cxd3 O-O 26. Nxe6 fxe6 27. Qxe6+ Qf7 28. Rae1 Rab8 29. Bc3 Qxe6 30. Rxe6 Rxb5 31. Bxf6 gxf6 32. Rexf6 Rxf6 33. Rxf6 Rb6 34. Rf5 Rd6 35. Kf2 Kg7 36. Ke3 Kg6 37. Rf8 Re6+ 38. Kd4 Re2 39. Kxd5 Kg7 40. Ra8 Rxg2 41. Rxa7+ Kf6 42. h4 Rg4 43. Ra6+ Kg7 44. h5 Rg5+ 45. Ke6 Rxh5 46. Ra7+ Kg6 47. d4 Rh1 48. d5 Re1+ 49. Kd7 h5 50. Ra6+ Kg5 51. d6 h4 52. Ra2 Kg4 53. Kc8 Rc1+ 54. Kd8 h3 55. d7 Kg3 56. Rd2 h2 57. Rxh2 Kxh2 58. Ke8 Re1+ 59. Kf8 Rd1 60. Ke8 Rxd7 61. Kxd7 1/2-1/2


[Site "https://www.chess.com"]

[Event "Titled Tuesday Blitz April 25 Early 2023"]
[White "Lach, Aleksandra"]
[Black "Dzagnidze, Nana"]
[WhiteFideId "1134299"]
[BlackFideId "13601903"]
[WhiteElo "2111"]
[BlackElo "2406"]
[Result "0-1"]
[Round "05"]
[TimeControl "180+2"]
[Date "2023.04.25"]
[WhiteClock "0:00:02"]
[BlackClock "0:00:17"]

1. e4 c6 2. Bc4 d5 3. Bb3 dxe4 4. Qh5 g6 5. Qh4 Nf6 6. Nc3 Bf5 7. Nge2 Nbd7 8. Ng3 Nc5 9. Nxf5 gxf5 10. O-O Rg8 11. a4 e6 12. Bc4 Bd6 13. h3 Rg6 14. d3 exd3 15. cxd3 Qc7 16. f4 O-O-O 17. Be3 Rdg8 18. Rf2 Be7 19. Re2 Ng4 20. Qg3 Nxe3 21. Qxe3 Nd7 22. d4 Bf6 23. Rd1 Rg3 24. Qf2 Bh4 25. Qf1 Rxh3 26. Rd3 Rxd3 27. Bxd3 Bg3 28. Qf3 Bxf4 29. Nd1 Nf6 30. Qh3 Kb8 31. Nf2 Bg3 32. Nh1 Qd6 33. Nxg3 Qxd4+ 34. Kh2 Qxd3 35. Nf1 Qxe2 0-1


[Site "https://www.chess.com"]

[Event "Titled Tuesday Blitz April 25 Early 2023"]
[White "Lorenzo De La Riva, Lazaro"]
[Black "a-z30"]
[WhiteFideId "2268809"]
[WhiteElo "2294"]
[BlackElo "2403"]
[Result "0-1"]
[Round "05"]
[TimeControl "180+2"]
[Date "2023.04.25"]
[WhiteClock "0:00:11"]
[BlackClock "0:00:06"]

1. e4 d6 2. d4 Nf6 3. Bd3 g6 4. f4 c5 5. dxc5 Qa5+ 6. Nd2 Qxc5 7. Nb3 Qc7 8. Nf3 Nc6 9. O-O Bg7 10. h3 O-O 11. Kh1 Nh5 12. Qe1 e5 13. f5 gxf5 14. Qh4 Nf6 15. Bg5 Nxe4 16. Bxe4 fxe4 17. Bf6 Bxf6 18. Qxf6 Qe7 19. Qxe7 Nxe7 20. Ng5 f5 21. h4 h6 22. Nh3 Be6 23. Rad1 Rfd8 24. Nf2 Rac8 25. c3 d5 26. Rde1 b6 27. g4 f4 28. Nd2 e3 29. Nf3 exf2 30. Rxe5 Bxg4 31. Nh2 Ng6 32. Nxg4 Nxe5 33. Nxe5 Re8 34. Nd3 Re3 35. Rxf2 Rxd3 36. Rxf4 Rf8 37. Rg4+ Kh7 38. Rg3 Rxg3 39. Kh2 Re3 0-1


[Site "https://www.chess.com"]

[Event "Titled Tuesday Blitz April 25 Early 2023"]
[White "Fontaine, Quentin"]
[Black "Kubicka, Anna"]
[WhiteFideId "230804"]
[BlackFideId "1152254"]
[WhiteElo "2237"]
[BlackElo "2144"]
[Result "0-1"]
[Round "05"]
[TimeControl "180+2"]
[Date "2023.04.25"]
[WhiteClock "0:00:10"]
[BlackClock "0:00:18"]

1. e4 c5 2. Nc3 a6 3. g3 b5 4. Bg2 Bb7 5. Nge2 e6 6. d4 b4 7. Na4 Nf6 8. Nxc5 Bxc5 9. dxc5 Bxe4 10. Bxe4 Nxe4 11. Qd4 Nf6 12. Qxb4 Nc6 13. Qc3 O-O 14. Bg5 Rb8 15. O-O-O h6 16. Bxf6 Qxf6 17. Qxf6 gxf6 18. c3 Rb7 19. b4 a5 20. a3 Ra8 21. Kb2 Ne5 22. Kb3 Rc8 23. h3 Rxc5 24. f4 Nc6 25. g4 d5 26. Ng3 Rc4 27. Nh5 Kf8 28. Rhe1 axb4 29. cxb4 Na5+ 30. Ka2 Rc2+ 31. Kb1 Rc3 32. Kb2 Rxh3 33. Nxf6 Nc4+ 34. Kc1 Rxa3 35. f5 Rxb4 36. fxe6 fxe6 37. Rxe6 Ra1+ 38. Kc2 Rb2+ 39. Kc3 Rxd1 0-1


[Site "https://www.chess.com"]

[Event "Titled Tuesday Blitz April 25 Early 2023"]
[White "Kuzmin, Roman"]
[Black "Tymrakiewicz, Rafal"]
[WhiteFideId "44134932"]
[BlackFideId "1108832"]
[WhiteElo "2192"]
[BlackElo "2151"]
[Result "1-0"]
[Round "05"]
[TimeControl "180+2"]
[Date "2023.04.25"]
[WhiteClock "0:00:05"]
[BlackClock "0:00:03"]

1. e4 Nf6 2. e5 Nd5 3. d4 d6 4. c4 Nb6 5. f4 dxe5 6. fxe5 c5 7. d5 e6 8. Nc3 exd5 9. cxd5 c4 10. d6 Be6 11. Nf3 f6 12. exf6 gxf6 13. Bf4 Bg7 14. Nd4 O-O 15. Nxe6 Re8 16. Qg4 Qd7 17. O-O-O Qxe6 18. Qxe6+ Rxe6 19. g3 Nc6 20. Bh3 Ree8 21. d7 Re7 22. Bc7 Nd8 23. Rhe1 Bf8 24. Nb5 Kg7 25. Nxa7 Na4 26. Nb5 Nc5 27. Kc2 Nd3 28. Rxe7+ Bxe7 29. Nc3 Kg6 30. b3 Nb4+ 31. Kb2 cxb3 32. axb3 f5 33. Bg2 Bf6 34. Bxd8 Rxd8 35. Bxb7 1-0


[Site "https://www.chess.com"]

[Event "Titled Tuesday Blitz April 25 Early 2023"]
[White "Salman, Pavel"]
[Black "Matveeva, Olga"]
[WhiteFideId "24153753"]
[BlackFideId "24107018"]
[WhiteElo "2187"]
[BlackElo "2056"]
[Result "1-0"]
[Round "05"]
[TimeControl "180+2"]
[Date "2023.04.25"]
[WhiteClock "0:02:40"]
[BlackClock "0:02:22"]

1. d4 Nf6 2. Nc3 e6 3. Bf4 d5 4. Qd3 c6 5. O-O-O Nbd7 6. Nf3 Be7 7. e4 dxe4 8. Nxe4 Nxe4 9. Qxe4 Nf6 10. Qe1 b5 11. Ne5 Bb7 12. f3 Qd5 13. Kb1 a5 14. c4 bxc4 15. Bxc4 Qd8 16. Nxf7 1-0


[Site "https://www.chess.com"]

[Event "Titled Tuesday Blitz April 25 Early 2023"]
[White "Luukkonen, Tommi"]
[Black "koncheto"]
[WhiteFideId "501808"]
[WhiteElo "2296"]
[BlackElo "2504"]
[Result "0-1"]
[Round "05"]
[TimeControl "180+2"]
[Date "2023.04.25"]
[WhiteClock "0:00:26"]
[BlackClock "0:00:21"]

1. e4 c5 2. Nf3 Nc6 3. Bb5 e6 4. O-O Nge7 5. Re1 g6 6. c3 Bg7 7. d4 cxd4 8. cxd4 d5 9. e5 O-O 10. Nc3 a6 11. Bf1 b5 12. a4 b4 13. Ne2 a5 14. h4 Ba6 15. h5 Qb6 16. h6 Bh8 17. g3 Nf5 18. Be3 f6 19. Nf4 Bxf1 20. Kxf1 Rfe8 21. exf6 Bxf6 22. Ne5 Rac8 23. Kg2 Ncxd4 24. Ng4 Bh8 25. Nd3 Qc7 26. Bf4 Qc2 27. Be5 Qxd1 28. Raxd1 Rc2 29. Bxh8 Kxh8 30. Nf6 Rf8 31. Nd7 Rf7 32. N7e5 Rfc7 33. g4 Nxh6 0-1


[Site "https://www.chess.com"]

[Event "Titled Tuesday Blitz April 25 Early 2023"]
[White "Buscar, Michael"]
[Black "Belov, Alexei"]
[WhiteFideId "2603616"]
[BlackFideId "4128206"]
[WhiteElo "2010"]
[BlackElo "2500"]
[Result "0-1"]
[Round "05"]
[TimeControl "180+2"]
[Date "2023.04.25"]
[WhiteClock "0:02:00"]
[BlackClock "0:01:22"]

1. e4 e6 2. Nf3 d5 3. Nc3 Nf6 4. exd5 exd5 5. d4 c5 6. dxc5 Bxc5 7. Bb5+ Nc6 8. O-O O-O 9. Bg5 Be6 10. Re1 a6 11. Bxc6 bxc6 12. Be3 Bd6 13. Nd4 Bd7 14. Nb3 Rb8 15. Na4 Ng4 16. h3 Nxe3 17. Rxe3 Qh4 18. Rb1 Qxa4 0-1


[Site "https://www.chess.com"]

[Event "Titled Tuesday Blitz April 25 Early 2023"]
[White "Tarasova, Viktoriya"]
[Black "Degenbaev, Aziz"]
[WhiteFideId "4175840"]
[BlackFideId "13802640"]
[WhiteElo "2182"]
[BlackElo "2152"]
[Result "0-1"]
[Round "05"]
[TimeControl "180+2"]
[Date "2023.04.25"]
[WhiteClock "0:00:01"]
[BlackClock "0:00:02"]

1. d4 Nf6 2. c4 g6 3. Nc3 Bg7 4. e4 d6 5. h3 O-O 6. Be3 Nbd7 7. g4 e5 8. d5 Nc5 9. Qc2 a5 10. Be2 c6 11. O-O-O cxd5 12. cxd5 Bd7 13. g5 Ne8 14. Bb5 Rc8 15. Bxd7 Qxd7 16. Kb1 b5 17. Bxc5 Rxc5 18. Qd3 b4 19. Nce2 Nc7 20. Nf3 Rb8 21. Rc1 Nb5 22. Ka1 Nd4 23. Nfxd4 exd4 24. f4 a4 25. Rhd1 a3 26. b3 Rbc8 27. Kb1 Qe7 28. h4 Qd7 29. f5 Be5 30. h5 Qe7 31. f6 Qd7 32. hxg6 fxg6 33. Rh1 Qg4 34. f7+ Kh8 35. Rcf1 Rf8 36. Nxd4 Rc3 37. Qd2 Qxe4+ 38. Nc2 Rf3 39. Qg2 Rxf1+ 40. Qxf1 Kg7 41. Qh3 Kxf7 0-1


[Site "https://www.chess.com"]

[Event "Titled Tuesday Blitz April 25 Early 2023"]
[White "Rudzinska, Michalina"]
[Black "Erzhanov, Arman"]
[WhiteFideId "1172883"]
[BlackFideId "4138821"]
[WhiteElo "2219"]
[BlackElo "2138"]
[Result "0-1"]
[Round "05"]
[TimeControl "180+2"]
[Date "2023.04.25"]
[WhiteClock "0:00:12"]
[BlackClock "0:00:19"]

1. e4 d6 2. d4 Nf6 3. Nc3 e5 4. Nf3 Nbd7 5. Bc4 Be7 6. O-O O-O 7. a4 a5 8. Re1 c6 9. Bf1 Re8 10. h3 Bf8 11. Nh4 exd4 12. Qxd4 Nc5 13. Nf3 Qb6 14. Bg5 Nfd7 15. Bf4 Qb4 16. Rad1 Ne6 17. Qd2 Nxf4 18. Qxf4 Ne5 19. Nd4 Qxb2 20. Re3 Qb4 21. Rg3 Ng6 22. Qf3 Qc5 23. Nf5 Bxf5 24. exf5 Ne5 25. Qf4 f6 26. Ne4 Qb4 27. Nxf6+ Kh8 28. Qxb4 axb4 29. Nxe8 Rxe8 30. f4 Nd7 31. Bd3 Nc5 32. a5 b3 33. cxb3 Nxb3 34. a6 bxa6 35. Bxa6 d5 36. Bb7 Na5 37. Ra1 Nxb7 38. Ra7 Nd6 39. f6 gxf6 40. Rc3 Rc8 41. g4 Ne4 42. Rb3 Bc5+ 0-1


[Site "https://www.chess.com"]

[Event "Titled Tuesday Blitz April 25 Early 2023"]
[White "Albuquerque Junior,Wellington S."]
[Black "Rios Escobar, Adan"]
[WhiteFideId "2151480"]
[BlackFideId "3403645"]
[WhiteElo "2109"]
[BlackElo "2487"]
[Result "0-1"]
[Round "05"]
[TimeControl "180+2"]
[Date "2023.04.25"]
[WhiteClock "0:00:02"]
[BlackClock "0:00:18"]

1. c4 Nf6 2. g3 g6 3. Bg2 c6 4. b3 Bg7 5. Bb2 O-O 6. Nf3 d5 7. O-O Bg4 8. d3 a5 9. cxd5 cxd5 10. Nc3 Nc6 11. Rc1 h5 12. Na4 Rc8 13. a3 Re8 14. Rc2 e5 15. Qa1 Qd6 16. Rfc1 Nd7 17. h3 Bf5 18. Nc5 Nxc5 19. Rxc5 Rcd8 20. Qa2 e4 21. Ne1 Bxb2 22. Qxb2 e3 23. f4 d4 24. Nf3 Qd7 25. Nh4 Bxh3 26. b4 Bxg2 27. Kxg2 axb4 28. axb4 Ne7 29. Rc7 Qd5+ 30. Nf3 Nf5 31. R1c5 Qd6 32. Rxb7 Re7 33. Rxe7 Qxe7 34. b5 Qxc5 35. b6 Rb8 0-1


[Site "https://www.chess.com"]

[Event "Titled Tuesday Blitz April 25 Early 2023"]
[White "Romkachess"]
[Black "Psakhis, Lev"]
[BlackFideId "2800012"]
[WhiteElo "2478"]
[BlackElo "2304"]
[Result "1/2-1/2"]
[Round "05"]
[TimeControl "180+2"]
[Date "2023.04.25"]
[WhiteClock "0:00:08"]
[BlackClock "0:00:52"]

1. e4 c5 2. Nf3 e6 3. d4 cxd4 4. Nxd4 Nf6 5. Nc3 d6 6. g4 a6 7. h4 d5 8. e5 Nfd7 9. f4 Nc6 10. Be3 Bc5 11. Qd2 h5 12. g5 g6 13. O-O-O Qc7 14. Bg2 Nxd4 15. Bxd4 Bxd4 16. Qxd4 Qb6 17. Bxd5 Qxd4 18. Rxd4 exd5 19. Nxd5 Rb8 20. Rhd1 Kf8 21. Nf6 Nxf6 22. exf6 Kg8 23. Rd8+ Kh7 24. Rxh8+ Kxh8 25. Rd8+ Kh7 26. Rf8 b5 27. Rxf7+ Kg8 28. Rg7+ Kf8 29. Rxg6 Bf5 30. Rh6 Kf7 31. Rxh5 Rc8 32. c3 b4 33. Kd2 bxc3+ 34. bxc3 Rd8+ 35. Kc1 Rc8 36. Kd2 Rd8+ 37. Kc1 Rc8 38. Kd2 1/2-1/2


[Site "https://www.chess.com"]